 Dungeon Crawl Stone Soup version 0.27.1 (webtiles) character file.

Game seed: 11984146883499969390

12222 Tinkle the Fighter (level 11, 0/101 HPs)
             Began as a Minotaur Berserker on Aug 23, 2021.
             Was a High Priest of Trog.
             Slain by a ten-headed hydra (8 damage)
             ... on level 1 of the Lair of Beasts on Aug 26, 2021.
             The game lasted 02:24:42 (15520 turns).

Tinkle the Fighter (Minotaur Berserker)            Turns: 15520, Time: 02:24:43

Health: 0/101      AC: 20    Str: 23    XL:     11   Next: 59%
Magic:  10/10      EV:  8    Int:  5    God:    Trog [*****.]
Gold:   327        SH: 16    Dex: 11    Spells: 10/10 levels left

rFire    . . .     SeeInvis .   P - +3 broad axe (freeze)
rCold    + . .     Faith    .   y - +0 kite shield
rNeg     . . .     Spirit   .   O - +0 plate armour
rPois    .         Reflect  +   R - +1 hat
rElec    .         Harm     .   B - +0 cloak
rCorr    .         Rampage  .   i - +0 pair of gloves
Will     +....                  s - +0 pair of boots
Stlth    ..........             c - amulet of reflection
HPRegen  0.26/turn              u - ring of protection from cold
MPRegen  0.12/turn              K - ring of willpower

@: no status effects
A: horns 2, retaliatory headbutt
a: Renounce Religion, Berserk, Trog's Hand, Brothers in Arms


You were on level 1 of the Lair of Beasts.
You worshipped Trog.
Trog was extremely pleased with you.
You visited 3 branches of the dungeon, and saw 12 of its levels.

You collected 687 gold pieces.
You spent 360 gold pieces at shops.

Inventory:

Hand Weapons
 k - a +1 whip of flaming
 n - a +1 dagger of venom
 p - a +2 vampiric trident
 H - the +8 long sword "Raydwuef" {vorpal, Dex+2}
   (You found it on level 1 of the Lair of Beasts)

   It inflicts extra damage upon your enemies.
   Dex:       It affects your dexterity (+2).
 P - a +3 broad axe of freezing (weapon)
Missiles
 f - 4 curare-tipped darts
 v - 2 datura-tipped darts
 D - 5 atropa-tipped darts
 E - 3 throwing nets
 L - 28 poisoned darts (quivered)
Armour
 i - a +0 pair of gloves (worn)
 j - +0 acid dragon scales
 s - a +0 pair of boots (worn)
 y - a +0 kite shield (worn)
 B - a +0 cloak (worn)
 O - a +0 plate armour (worn)
 R - a +1 hat (worn)
Jewellery
 c - an amulet of reflection (around neck)
 d - a +6 ring of intelligence
 o - an amulet of regeneration
 t - a ring of willpower
 u - a ring of protection from cold (left hand)
 G - a ring of fire
 K - a ring of willpower (right hand)
Wands
 r - a wand of acid (5)
 w - a wand of digging (6)
 J - a wand of iceblast (18)
 N - a wand of paralysis (22)
Scrolls
 e - a scroll of vulnerability {unknown}
 h - 2 scrolls of fog
 l - a scroll of summoning {unknown}
 m - a scroll of immolation {unknown}
 z - a scroll of teleportation
 A - a scroll of fear {unknown}
 F - a scroll of enchant armour {unknown}
 I - a scroll of blinking {unknown}
Potions
 a - a potion of might
 b - a potion of haste
 x - a potion of berserk rage
 C - a potion of mutation {unknown}
 M - a potion of magic {unknown}
Miscellaneous
 q - a piece from Xom's chessboard (15/15)


   Skills:
 + Level 10.7 Fighting
 + Level 10.5 Axes
 + Level 10.2 Armour
 - Level 8.7 Dodging
 + Level 8.4 Shields
 - Level 5.0 Evocations


You had 10 spell levels left.
You didn't know any spells.
Your spell library contained the following spells:

 Spells                   Type           Power      Damage    Failure   Level
 Shock                    Conj/Air       0%         1d3       100%        1
 Blink                    Tloc           N/A        N/A       100%        2
 Ensorcelled Hibernation  Hex/Ice        0%         N/A       100%        2
 Sublimation of Blood     Necr           0%         N/A       100%        2
 Call Canine Familiar     Summ           0%         N/A       100%        3
 Ignite Poison            Fire/Tmut/Pois 0%         N/A       100%        3
 Lesser Beckoning         Tloc           0%         N/A       100%        3
 Mephitic Cloud           Conj/Pois/Air  0%         N/A       100%        3
 Portal Projectile        Hex/Tloc       0%         N/A       100%        3
 Spider Form              Tmut/Pois      0%         N/A       100%        3
 Swiftness                Air            0%         N/A       100%        3
 Airstrike                Air            0%         N/A       100%        4
 Leda's Liquefaction      Hex/Erth       0%         N/A       100%        4
 Petrify                  Tmut/Erth      0%         N/A       100%        4
 Bolt of Magma            Conj/Fire/Erth 0%         4d4       100%        5
 Irradiate                Conj/Tmut      0%         3d14      100%        5
 Manifold Assault         Tloc           0%         N/A       100%        5
 Shadow Creatures         Summ           N/A        N/A       100%        6


Dungeon Overview and Level Annotations

Branches:
Dungeon (10/15)            Temple (1/1) D:4            Lair (1/6) D:9
    Orc (0/2) D:9

Altars:
Ashenzari
Cheibriados
Dithmenos
Elyvilon
Fedhas
Gozag
Hepliaklqana
Kikubaaqudgha
Makhleb
Nemelex Xobeh
Okawaru
Qazlal
Ru
Sif Muna
Trog
Uskayaw
Vehumet
Wu Jian
Xom
Yredelemnul
Zin
The Shining One

Shops:
D:7 =


Innate Abilities, Weirdness & Mutations

You have a pair of horns on your head.
You reflexively headbutt those who attack you in melee.


Message History

You block the nine-headed hydra's attack.
The nine-headed hydra bites you but does no damage.
Damage: -1%(-1hp) hp: 38%(38hp) Unknown command.
You lop one of the nine-headed hydra's heads off!
The eight-headed hydra grows two more!
You slash the ten-headed hydra!
The ten-headed hydra seems to slow down.
You freeze the ten-headed hydra.
The ten-headed hydra is almost dead.
You block the ten-headed hydra's attack. x3
The ten-headed hydra bites you!
* * * LOW HITPOINT WARNING * * *
You block the ten-headed hydra's attack.
The ten-headed hydra bites you but does no damage. x2
The ten-headed hydra barely misses you. The ten-headed hydra bites you.
* * * LOW HITPOINT WARNING * * *
The ten-headed hydra bites you.
* * * LOW HITPOINT WARNING * * *
Huge Dmg: -19%(-19hp) hp: 19%(19hp)
Aiming: Paralyse
Press: ? - help, Shift-Dir - straight line, f - ten-headed hydra
Aim: a ten-headed hydra (almost dead, slow, chance to affect: 26%)
The ten-headed hydra easily resists.
Aiming: Iceblast
Press: ? - help, Shift-Dir - straight line, f/p - ten-headed hydra
Aim: a ten-headed hydra (almost dead, slow)
Okay, then.
Okay, then.
Unknown command.
You feel better.
You block the ten-headed hydra's attack. x2
The ten-headed hydra barely misses you.
The ten-headed hydra bites you but does no damage. x2
The ten-headed hydra bites you!
* * * LOW HITPOINT WARNING * * *
The ten-headed hydra bites you!
* * * LOW HITPOINT WARNING * * *
The ten-headed hydra bites you but does no damage.
The ten-headed hydra bites you!
You die...

.................................
.................................
...##..##.#...........[..........
....P.####.##.....#.#####......##
....... .##....#.+# ...... #
#....##.. ..... #....# .... ..
..##....## ...# .......D@.+ ...#
...##.....# ... ## #....## #....#
....... ........ ..........
..........


You could see a ten-headed hydra (slow).

Vanquished Creatures
  A hydra (Lair:1)
  4 two-headed ogres
  A skeletal warrior (D:10)
  A cyclops (D:9)
  An oklob plant (Lair:1)
  Joseph (D:8)
  2 trolls
  A shadow (D:9)
  7 yaks
  2 acid dragons (D:10)
  3 water moccasins (D:8)
  A hornet zombie (D:7)
  6 orc warriors
  2 necrophages (D:6)
  3 sky beasts
  4 wolves (D:9)
  3 centaurs
  2 phantoms (D:9)
  A kobold brigand (D:6)
  5 bullfrogs
  A gnoll sergeant (D:8)
  A wyvern zombie (D:8)
  A water moccasin skeleton (D:6)
  2 troll zombies (D:9)
  15 killer bees
  An electric eel (D:9)
  3 howler monkeys
  6 centaur zombies
  A bullfrog zombie (D:7)
  4 hounds
  13 orc priests
  3 jellies
  A centaur skeleton (D:3)
  A bullfrog skeleton (D:4)
  2 iguanas (D:4)
  11 orc wizards
  A killer bee zombie (D:9)
  6 ogre zombies (D:9)
  A hound skeleton (D:4)
  16 gnolls
  6 adders
  A shadow imp (D:7)
  An ufetubus (D:4)
  A worm (D:4)
  5 dart slugs
  28 orcs
  2 bats
  5 endoplasms
  2 giant cockroaches
  3 goblins (D:1)
  7 hobgoblins
  8 jackals
  10 kobolds
  2 quokkas
  5 ball pythons
  8 frilled lizards
  2 goblin zombies (D:9)
  A hobgoblin skeleton (D:9)
  2 hobgoblin zombies (D:9)
  4 orc skeletons (D:9)
  16 orc zombies (D:9)
  11 rats
271 creatures vanquished.

Vanquished Creatures (others)
  4 fungi (Lair:1)
  12 plants
16 creatures vanquished.

Grand Total: 287 creatures vanquished

Notes
Turn   | Place    | Note
-------+----------+-------------------------------------------
     0 | D:1      | Tinkle the Minotaur Berserker began the quest for the Orb.
     0 | D:1      | Reached XP level 1. HP: 19/19 MP: 0/0
   277 | D:1      | Reached XP level 2. HP: 26/27 MP: 1/1
  1050 | D:2      | Reached XP level 3. HP: 33/33 MP: 2/2
  1077 | D:2      | Reached ** piety under Trog
  1891 | D:3      | Reached XP level 4. HP: 38/41 MP: 3/3
  2033 | D:3      | Found a burning altar of Makhleb.
  2336 | D:3      | Reached XP level 5. HP: 41/47 MP: 4/4
  2964 | D:4      | Reached skill level 5 in Fighting
  2964 | D:4      | Reached skill level 5 in Axes
  3056 | D:4      | Found a staircase to the Ecumenical Temple.
  3103 | D:4      | Reached XP level 6. HP: 53/56 MP: 5/5
  3430 | D:4      | Reached *** piety under Trog
  4171 | D:4      | Reached XP level 7. HP: 62/62 MP: 6/6
  4193 | D:4      | Reached skill level 5 in Armour
  4297 | D:5      | Entered Level 5 of the Dungeon
  4429 | D:5      | Reached skill level 1 in Evocations
  4607 | D:5      | Reached **** piety under Trog
  5022 | Temple   | Entered the Ecumenical Temple
  5215 | D:6      | Reached skill level 5 in Dodging
  5363 | D:6      | Reached skill level 1 in Shields
  5428 | D:6      | Reached XP level 8. HP: 71/71 MP: 7/7
  5591 | D:6      | Found a blossoming altar of Fedhas.
  5938 | D:6      | Found a hazy altar of Hepliaklqana.
  6395 | D:7      | Found Ewuweth's Jewellery Shop.
  6750 | D:7      | Found a white marble altar of Elyvilon.
  7036 | D:7      | Bought an amulet of reflection for 360 gold pieces
  7088 | D:8      | Reached XP level 9. HP: 42/79 MP: 8/8
  7314 | D:8      | Noticed Joseph
  7520 | D:8      | Killed Joseph
  8097 | D:8      | Reached skill level 5 in Shields
  8659 | D:7      | Reached ***** piety under Trog
  9857 | D:9      | Reached XP level 10. HP: 90/90 MP: 9/9
 10006 | D:9      | Received a gift from Trog
 10200 | D:9      | Found a staircase to the Lair.
 10228 | D:9      | Found a staircase to the Orcish Mines.
 11847 | D:9      | Noticed a two-headed ogre
 11852 | D:9      | Huge Dmg: 20 dmg
 11853 | D:9      | Killed a two-headed ogre
 12058 | D:9      | Huge Dmg: 16 dmg
 12060 | D:9      | Huge Dmg: 9 dmg
 12061 | D:9      | Huge Dmg: 15 dmg
 12064 | D:9      | Huge Dmg: 7 dmg
 12066 | D:9      | Huge Dmg: 4 dmg
 12522 | D:9      | Noticed a cyclops
 12545 | D:9      | Killed a cyclops
 13065 | D:10     | Entered Level 10 of the Dungeon
 13218 | D:10     | Huge Dmg: 19 dmg
 13227 | D:10     | Huge Dmg: 21 dmg
 13516 | D:10     | Noticed a two-headed ogre
 13524 | D:10     | Huge Dmg: 23 dmg
 13525 | D:10     | Huge Dmg: 19 dmg
 13525 | D:10     | Killed a two-headed ogre
 13526 | D:10     | Reached XP level 11. HP: 26/99 MP: 10/10
 13825 | D:10     | Noticed a skeletal warrior
 13860 | D:10     | Killed a skeletal warrior
 13861 | D:10     | Reached skill level 10 in Fighting
 13865 | D:9      | Huge Dmg: 41 dmg
 13937 | D:10     | Noticed a two-headed ogre
 13950 | D:10     | Killed a two-headed ogre
 13951 | D:10     | Reached skill level 10 in Axes
 13952 | D:10     | Huge Dmg: 22 dmg
 14256 | D:10     | Noticed a two-headed ogre
 14261 | D:10     | Killed a two-headed ogre
 14446 | D:10     | Found a bloodstained altar of Trog.
 14480 | D:10     | Found an ornate altar of the Wu Jian Council.
 14848 | D:10     | Reached skill level 10 in Armour
 14967 | Lair:1   | Entered Level 1 of the Lair of Beasts
 15028 | Lair:1   | Noticed a four-headed hydra
 15073 | Lair:1   | Killed a seven-headed hydra
 15074 | Lair:1   | Reached skill level 5 in Evocations
 15265 | Lair:1   | Noticed an oklob plant
 15355 | Lair:1   | Killed an oklob plant
 15436 | Lair:1   | Identified the +8 long sword "Raydwuef" {vorpal, Dex+2}
 15506 | Lair:1   | Noticed a four-headed hydra
 15514 | Lair:1   | Huge Dmg: 22 dmg
 15517 | Lair:1   | Huge Dmg: 12 dmg
 15519 | Lair:1   | Huge Dmg: 19 dmg
 15520 | Lair:1   | Slain by a ten-headed hydra

Illustrated notes

Levels and vault maps discovered:
D:1:      matt_arrival_grand_opening, layout_loops_ring
D:2:      layout_loops_ring, grunt_ministairs_15, minmay_tree_intersection
D:3:      layout_basic, mainiacjoe_overflow_24_doors
D:4:      minmay_chambers_of_fours, layout_basic, minmay_temple_entry_hall,
          hangedman_decor_slide_cut, corexii_item_surrounded_by_moat,
          minmay_misc_feat_nine_boxes, chequers_arboretum
D:5:      layout_loops_ring
D:6:      layout_cave_pools, worldfamousw_hep_ancestral_shrine,
          mainiacjoe_overflow_alcove_4, grunt_ministairs_4,
          lexackson_kobold_supper
D:7:      layout_cave_pools, elyvilon_altar_3, serial_column_ruins,
          column_ruins_circle_large, column_ruins_square_medium,
          column_ruins_open_tiny, column_ruins_corridor_straight,
          column_ruins_columns_dead_end, column_ruins_columns_corner,
          column_ruins_grid_3, serial_shops, nicolae_diamond_shop
D:8:      layout_loops_cross, st_stairs_8, serial_bayou_pond_e, uniq_joseph
D:9:      layout_irregular_city, erik_lair_island, zombieorc2_lemuel,
          minmay_misc_feat_plants
D:10:     minmay_thinvault, layout_loops_ring, nzn_wu_jian_contemplation,
          kennysheep_mini
Temple:   regret_index_temple_sphere_string
Lair:1:   layout_regular_city, minmay_lair_oklob_items

Skill      XL: |  1  2  3  4  5  6  7  8  9 10 11 |
---------------+----------------------------------+-----
Fighting       | 4 5 6 7 8 9 10 | 10.7
Axes           | 4 5 6 7 8 9 10 | 10.5
Armour         | 3 4 5 7 8 9 10 | 10.2
Dodging        | 3 4 5 6 7 8 |  8.7
Evocations     | 1 2 4 5 |  5.0
Shields        | 1 3 5 7 8 |  8.4

Action                   |  1- 3 |  4- 6 |  7- 9 | 10-12 || total
-------------------------+-------+-------+-------+-------++-------
Melee: Hand axe          |    47 |       |       |       ||    47
       Headbutt          |     9 |    28 |    86 |    74 ||   197
       War axe           |    32 |   128 |   378 |    34 ||   572
       Broad axe         |       |       |       |   246 ||   246
Throw: Stone             |     6 |    14 |     6 |       ||    26
       Dart              |       |       |    15 |    22 ||    37
Invok: Berserk           |       |       |     1 |     1 ||     2
Evoke: Wand              |       |       |       |     1 ||     1
  Use: Scroll            |       |     1 |     1 |     6 ||     8
       Potion            |       |     2 |     3 |     8 ||    13
 Stab: Invisible         |       |       |       |     1 ||     1
Armor: Animal skin       |     5 |       |       |       ||     5
       Chain mail        |    29 |    56 |   166 |       ||   251
       Plate armour      |       |       |    20 |   187 ||   207
Dodge: Dodged            |    33 |    58 |   100 |   125 ||   316
Block: Kite shield       |       |       |   212 |   327 ||   539
       Reflection        |       |       |     9 |     6 ||    15
